 Dungeon Crawl Stone Soup version 0.28.0-43-g3370ac3207 (webtiles) character file.

Game seed: 772244068761953240

10647 Cykl0x the Geomancer (level 11, -12/66 HPs)
             Began as a Gargoyle Earth Elementalist on Mar 5, 2022.
             Was a Priest of Vehumet.
             Mangled by Urug
             ... wielding a +2 double sword of electrocution
              (15 damage)
             ... on level 10 of the Dungeon.
             The game lasted 00:34:08 (16475 turns).

Cykl0x the Geomancer (Gargoyle Earth Elementalist) Turns: 16475, Time: 00:34:09

Health: -12/66     AC: 21    Str: 15    XL:     11   Next: 65%
Magic:  10/23      EV: 11    Int: 17    God:    Vehumet [***...]
Gold:   552        SH:  9    Dex: 10    Spells: 21/26 levels left

rFire   + . .      SeeInvis .   e - +7 scimitar (elec)
rCold   + . .      Faith    .   y - +0 buckler
rNeg    + . .      Spirit   .   F - +0 acid dragon scales
rPois   ∞          Reflect  +   E - +2 helmet
rElec   +          Harm     .   w - scarf {rC+ rF+}
rCorr   +          Rampage  .   (no gloves)
Will    .....                   I - +1 pair of boots
Stlth   +.........              i - amulet of reflection
HPRegen 0.21/turn               h - ring of resist corrosion
MPRegen 0.18/turn               (no ring)

@: no status effects
A: sickness immunity, AC +8, negative energy resistance 1, electricity
resistance, torment resistance 1, petrification resistance, screaming 1
a: Renounce Religion


You were on level 10 of the Dungeon.
You worshipped Vehumet.
Vehumet was most pleased with you.
You visited 2 branches of the dungeon, and saw 11 of its levels.
You visited the Abyss 1 time.
You also visited: Bailey.

You collected 1224 gold pieces.
You spent 672 gold pieces at shops.

Inventory:

Hand Weapons
 e - a +7 scimitar of electrocution (weapon)
 j - a +0 long sword
 M - the +7 long sword "Eggidud" {drain, rF- Int+3 SInv}
   (You found it in a bailey)

   A truly terrible weapon, it drains the life of any living foe it strikes.
   Int:       It affects your intelligence (+3).
   rF:        It makes you vulnerable to fire.
   SInv:      It lets you see invisible.
 N - the +9 dagger "Soter" {vorpal, rN+ Dex+4}
   (You took it off an orc on level 9 of the Dungeon)

   It inflicts extra damage upon your enemies.
   Dex:       It affects your dexterity (+4).
   rN:        It protects you from negative energy.
Missiles
 c - 212 stones
 x - a throwing net
 K - 24 javelins
Armour
 b - a +0 robe
 o - a +0 cloak
 s - a +0 helmet
 t - a +0 leather armour
 u - the +1 robe of Music {rPois Dex+6}
   (You found it on level 5 of the Dungeon)

   Dex:       It affects your dexterity (+6).
   rPois:     It protects you from poison.
 w - a scarf of resistance (worn)
 y - a +0 buckler (worn)
 B - a +0 chain mail
 D - a +0 ring mail
 E - a +2 helmet (worn)
 F - +0 acid dragon scales (worn)
 I - a +1 pair of boots (worn)
Jewellery
 h - a ring of resist corrosion (left hand)
 i - an amulet of reflection (around neck)
Wands
 m - a wand of flame (24)
 p - a wand of mindburst (3)
 v - a wand of iceblast (1)
 z - a wand of acid (7)
 A - a wand of charming (4)
 C - a wand of digging (4)
 G - a wand of paralysis (8)
Scrolls
 d - 3 scrolls of teleportation
 H - a scroll of blinking
 J - a scroll of magic mapping
 L - 3 scrolls of enchant weapon
Potions
 a - 2 potions of berserk rage
 f - a potion of degeneration
 g - a potion of magic
 k - 3 potions of lignification
 l - 3 potions of cancellation
 n - a potion of attraction
 q - a potion of haste
 r - a potion of invisibility {unknown}


   Skills:
 * Level 6.8 Fighting
 + Level 1.0(1.8) Short Blades
 + Level 2.4(2.5) Long Blades
 + Level 6.3 Armour
 + Level 3.2 Dodging
 - Level 2.1 Stealth
 + Level 2.2 Shields
 + Level 8.4 Spellcasting
 + Level 10.0 Conjurations
 - Level 0.7 Transmutations
 + Level 10.0 Earth Magic
 + Level 1.2 Evocations


You had 21 spell levels left.
You knew the following spells:

 Your Spells              Type           Power      Damage    Failure   Level
a - Sandblast             Erth           82%        2d17      1%          1
b - Stone Arrow           Conj/Erth      82%        3d12      1%          3
c - Magic Dart            Conj           100%       1d8       1%          1

Your spell library contained the following spells:

 Spells                   Type           Power      Damage    Failure   Level
 Dazzling Flash           Conj/Hex       48%        N/A       1%          3
 Passwall                 Tmut/Erth      20%        N/A       3%          2
 Irradiate                Conj/Tmut      12%        3d18      16%         5
 Animate Skeleton         Necr           14%        N/A       19%         1
 Pain                     Necr           28%        1d5       19%         1
 Slow                     Hex            28%        N/A       19%         1
 Summon Small Mammal      Summ           28%        N/A       19%         1
 Petrify                  Tmut/Erth      25%        N/A       21%         4
 Blink                    Tloc           14%        N/A       26%         2
 Call Canine Familiar     Summ           7%         N/A       47%         3
 Confusing Touch          Hex            7%         N/A       47%         3
 Gell's Gravitas          Tloc           7%         N/A       47%         3
 Lesser Beckoning         Tloc           7%         N/A       47%         3
 Summon Guardian Golem    Hex/Summ       7%         N/A       47%         3
 Teleport Other           Tloc           7%         N/A       47%         3
 Vampiric Draining        Necr           7%         2d6       47%         3
 Yara's Violent Unravell  Hex/Tmut       4%         3d4       69%         5
 Manifold Assault         Tloc           7%         N/A       99%         5
 Enfeeble                 Hex            3%         N/A       100%        7
 Storm Form               Tmut/Air       4%         N/A       100%        7
 Sublimation of Blood     Necr           Unusable   N/A       N/A         2

Dungeon Overview and Level Annotations

Branches:
Dungeon (10/15)            Temple (1/1) D:4             Orc (0/2) D:9
 Bailey (visited)
   Lair: D:8-11

Altars:
Ashenzari
Cheibriados
Dithmenos
Elyvilon
Fedhas
Gozag
Hepliaklqana
Kikubaaqudgha
Makhleb
Nemelex Xobeh
Okawaru
Qazlal
Ru
Sif Muna
Trog
Vehumet
Wu Jian
Xom
Yredelemnul
Zin
The Shining One

Shops:
D:2 :   D:3 ?   D:10 [

Annotations:
D:10 Psyche, Urug


Innate Abilities, Weirdness & Mutations

You are immune to sickness and miasma.
Your stone body is resilient. (AC +8)
You are immune to poison.
You resist negative energy. (rN+)
You are resistant to electric shocks. (rElec)
You are resistant to unholy torment.
You are immune to petrification.
You occasionally shout uncontrollably at your foes.


Message History

There is an open door here.
The stone arrow misses Urug.
The stone arrow hits Urug!
Urug is lightly wounded.
Urug hits you but does no damage.
The stone arrow misses Urug.
Urug barely misses you.
The stone arrow hits Urug!!
Urug is moderately wounded.
Urug hits you with a +2 double sword of electrocution.
The wraith hits you but does no damage.
The stone arrow hits Urug.
Urug is heavily wounded.
Urug hits you with a +2 double sword of electrocution!!
The wraith hits you but does no damage.
You hit Urug but do no damage.
Urug is heavily wounded.
Urug says, "They call me one-eyed Urug.
When I'm done with you they'll have to call you no-head Cykl0x."
Urug hits you with a +2 double sword of electrocution!
* * * LOW HITPOINT WARNING * * *
The wraith hits you but does no damage.
Urug screams, "Your bloody kin took my one good eye.
Now you die, harpy!" You block Urug's attack.
You hit Urug but do no damage.
Urug is heavily wounded.
You block the wraith's attack. You block Urug's attack.
You barely miss Urug.
Urug is heavily wounded.
The wraith hits you but does no damage.
Urug howls with blood-lust.
Urug barely misses you. The wraith barely misses you.
You slash Urug!
Urug is severely wounded.
Urug hits you with a +2 double sword of electrocution!
* * * LOW HITPOINT WARNING * * *
The wraith hits you but does no damage. You block Urug's attack.
You hit Urug but do no damage.
Urug is severely wounded.
You block the wraith's attack.
Urug hits you with a +2 double sword of electrocution!
You die...

############ .........∩.# ###
.....≈.....# #.. # ###...≈.......
#.. #.. # ..#..≈≈≈≈.... #....#..
# #.#......... #....#.. # #.#
#....# #....#.. #
###.#####....###########....#..
#.#>......+....W@........+......>
#.#.#..####....##o.......#....#..
#.#.##.# #....##........+....#..
..#.##.## #....##........##...#..
#.#.##..# #....##........'..#....
#.#.###.###...W##...≈....##.#.##+
#.#.# #..###.......≈.....##.#.##.
#.#.# ##.# #....#..≈.....##.#.##.
....# #.# #....#........##......


You could see Urug and a wraith.

Vanquished Creatures
  A tentacled starspawn (Abyss:2)
  Harold (D:10)
  Erolcha (D:10)
  3 two-headed ogres
  A hell hog (Abyss:2)
  A rust devil (Abyss:2)
  An orange demon (Abyss:2)
  A hellion (Abyss:2)
  A large abomination (Abyss:2)
  6 flying skulls (Abyss:2)
  A ynoxinul (Abyss:2)
  A fire bat (Abyss:2)
  5 yaks (D:10)
  A neqoxec (Abyss:2)
  2 vampire mosquitoes (D:8)
  A warg (D:9)
  3 acid dragons
  2 water moccasins
  A naga skeleton (Abyss:2)
  13 orc warriors
  4 black bears
  A necrophage (D:4)
  2 ogres
  14 centaurs
  A kobold brigand (D:6)
  2 bullfrogs (D:8)
  A wyvern zombie (D:6)
  2 scorpions (D:4)
  A small abomination (Abyss:2)
  A wyvern skeleton (D:6)
  18 killer bees
  4 wights (D:9)
  4 crimson imps (D:6)
  4 centaur zombies
  A bullfrog zombie (D:6)
  3 hounds
  6 orc priests
  3 jellies
  Crazy Yiuf (D:2)
  A gnoll shaman (D:9)
  A centaur skeleton (D:6)
  An iguana (D:5)
  10 orc wizards
  A killer bee zombie (D:9)
  A hound zombie (D:5)
  A hound skeleton (D:5)
  2 howler monkey zombies
  15 gnolls
  6 adders
  A white imp (D:5)
  4 ufetubi
  An adder zombie (D:5)
  An adder skeleton (D:4)
  A worm (D:4)
  4 dart slugs
  44 orcs
  8 ball pythons
  2 bats
  6 endoplasms
  6 giant cockroaches
  16 goblins
  5 hobgoblins
  12 jackals (D:3)
  5 quokkas
  7 frilled lizards
  11 kobolds
  4 rats
  A starspawn tentacle (Abyss:2)
298 creatures vanquished.

Vanquished Creatures (collateral kills)
  A goblin (D:3)
1 creature vanquished.

Vanquished Creatures (others)
  21 starspawn tentacles (Abyss:2)
  9 toadstools (D:5)
30 creatures vanquished.

Grand Total: 329 creatures vanquished

Notes
Turn   | Place    | Note
-------+----------+-------------------------------------------
     0 | D:1      | Cykl0x the Gargoyle Earth Elementalist began the quest for
                  | the Orb.
     0 | D:1      | Reached XP level 1. HP: 10/10 MP: 3/3
   164 | D:1      | Reached XP level 2. HP: 11/15 MP: 5/5
   416 | D:1      | Found a faded altar of an unknown god.
   586 | D:1      | Reached XP level 3. HP: 19/19 MP: 3/6
   590 | D:1      | Learned a level 3 spell: Stone Arrow
   627 | D:1      | Reached skill level 1 in Conjurations
  1709 | D:2      | Reached XP level 4. HP: 24/24 MP: 4/8
  1997 | D:2      | Found Geddurol's Book Boutique.
  2441 | D:2      | Found a runed translucent door.
  2442 | D:2      | Noticed Crazy Yiuf
  2709 | D:2      | Killed Crazy Yiuf
  2893 | D:3      | Reached XP level 5. HP: 28/28 MP: 2/9
  3946 | D:3      | Found Jadu's Magic Scroll Shop.
  3955 | D:3      | Bought a scroll of identify for 24 gold pieces
  3955 | D:3      | Bought a scroll of identify for 24 gold pieces
  4151 | D:4      | Reached skill level 5 in Earth Magic
  4204 | D:4      | Noticed a black bear
  4206 | D:4      | Killed a black bear
  4207 | D:4      | Reached XP level 6. HP: 32/32 MP: 4/11
  4371 | D:4      | Noticed a necrophage
  4374 | D:4      | Killed a necrophage
  4491 | D:4      | Noticed a black bear
  4495 | D:4      | Killed a black bear
  4496 | D:4      | Reached XP level 7. HP: 36/36 MP: 3/13
  4664 | D:4      | Found a staircase to the Ecumenical Temple.
  4670 | Temple   | Entered the Ecumenical Temple
  4777 | Temple   | Became a worshipper of Vehumet
  4955 | D:4      | Reached skill level 1 in Short Blades
  5371 | D:4      | Reached skill level 1 in Fighting
  5819 | D:5      | Entered Level 5 of the Dungeon
  5826 | D:5      | Reached XP level 8. HP: 44/44 MP: 5/15
  6090 | D:5      | Reached skill level 5 in Conjurations
  6196 | D:5      | Reached skill level 1 in Armour
  6196 | D:5      | Reached skill level 5 in Spellcasting
  7074 | D:5      | Identified the +1 robe of Music {rPois Dex+6}
  7394 | D:6      | Reached * piety under Vehumet
  7394 | D:6      | Offered knowledge of Magic Dart by Vehumet.
  7397 | D:6      | Learned a level 1 spell: Magic Dart
  7616 | D:6      | Found a shimmering altar of Xom.
  7941 | D:6      | Found a snail-covered altar of Cheibriados.
  7967 | D:6      | Reached XP level 9. HP: 48/49 MP: 7/17
  8762 | D:7      | Reached skill level 1 in Long Blades
  9341 | D:7      | Found a shimmering blue altar of Sif Muna.
 10026 | D:8      | Found a shadowy altar of Dithmenos.
 10389 | D:8      | Reached skill level 1 in Shields
 10622 | D:8      | Noticed a two-headed ogre
 10628 | D:8      | Killed a two-headed ogre
 10629 | D:8      | Reached XP level 10. HP: 58/58 MP: 3/20
 10952 | D:9      | Reached ** piety under Vehumet
 10952 | D:9      | Offered knowledge of Foxfire by Vehumet.
 10953 | D:9      | Reached skill level 5 in Fighting
 11029 | D:9      | Found a flagged portal.
 11223 | Bailey   | Entered a bailey
 11713 | Bailey   | Reached skill level 5 in Armour
 11715 | Bailey   | Offered knowledge of Poisonous Vapours by Vehumet.
 12577 | Bailey   | Identified the +7 long sword "Eggidud" {drain, rF- Int+3
                  | SInv}
 12578 | Bailey   | Identified the +1 chain mail of Ceinlug {rPois}
 12698 | Bailey   | Reached *** piety under Vehumet
 12931 | D:9      | Identified the +9 dagger "Soter" {vorpal, rN+ Dex+4}
 13065 | D:9      | Offered knowledge of Dazzling Flash by Vehumet.
 13302 | D:9      | Found a staircase to the Orcish Mines.
 13500 | D:9      | Reached XP level 11. HP: 62/64 MP: 14/22
 13626 | D:9      | Found a hazy altar of Hepliaklqana.
 13908 | D:10     | Entered Level 10 of the Dungeon
 13919 | D:10     | Noticed a two-headed ogre
 13925 | D:10     | Killed a two-headed ogre
 13927 | D:10     | Noticed Erolcha
 13938 | D:10     | Cast into level 2 of the Abyss (Erolcha)
 13981 | Abyss:2  | Noticed a tentacled starspawn
 14056 | Abyss:2  | Killed a tentacled starspawn
 14079 | Abyss:2  | Noticed a starcursed mass
 14129 | Abyss:2  | Gained mutation: You occasionally shout uncontrollably at
                  | your foes. [a neqoxec]
 14238 | Abyss:2  | Noticed a large abomination
 14267 | Abyss:2  | Noticed a sixfirhy
 14283 | Abyss:2  | Found a corrupted altar of Lugonu.
 14342 | Abyss:2  | Noticed a tentacled starspawn
 14363 | Abyss:2  | Found a corrupted altar of Lugonu.
 14628 | Abyss:2  | Noticed a hell hog
 14630 | Abyss:2  | Noticed a hell hog
 14633 | Abyss:2  | Killed a hell hog
 14634 | Abyss:2  | Noticed a hell hog
 14635 | Abyss:2  | Noticed a thrashing horror
 14636 | D:10     | Escaped the Abyss
 14980 | D:10     | Noticed a two-headed ogre
 14995 | D:10     | Killed a two-headed ogre
 15144 | D:10     | Killed Erolcha
 15271 | D:10     | Found an opulent altar of Gozag.
 15321 | D:10     | Reached skill level 1 in Evocations
 15328 | D:10     | Noticed Harold
 15619 | D:10     | Killed Harold
 15620 | D:10     | Reached skill level 10 in Conjurations
 15620 | D:10     | Reached skill level 10 in Earth Magic
 15729 | D:10     | Identified a scroll of acquirement
 15729 | D:10     | Acquired 500 gold pieces
 15887 | D:3      | Bought a scroll of acquirement for 624 gold pieces
 15887 | D:3      | Acquired a +7 scimitar of electrocution
 16340 | D:10     | Noticed Psyche
 16448 | D:10     | Noticed Urug
 16463 | D:10     | Found Ifouloid's Antique Armour Boutique.
 16474 | D:10     | HP: 3/66 [Urug/+2 double sword of electrocution (17)]
 16475 | D:10     | Mangled by Urug

Illustrated notes

Levels and vault maps discovered:
D:1:      dpeg_arrival_central, layout_basic,
          hellmonk_ecumenical_altar_pennies_from_heaven,
          minmay_worlds_worst_comb
D:2:      layout_basic, serial_curves, eino_curves_02, eino_curves_02,
          serial_shops, shop_statue, kennysheep_generic_room_9,
          uniq_crazy_yiuf_cottage
D:3:      layout_basic, serial_shops, nicolae_lakefront_shop,
          minmay_misc_feat_roman
D:4:      layout_loops_ring, temple_green
D:5:      cheibrodos_fertilizer, layout_loops_ring, grunt_ministairs_6,
          dk_rats_in_the_wall
D:6:      layout_loops_ring, led_xom_imps, mainiacjoe_overflow_24_doors,
          serial_park_tiny_pond
D:7:      layout_basic, led_sif_book
D:8:      layout_basic, nicolae_overflow_hidden_temple
D:9:      layout_loops_cross, nicolae_overflow_crystal_walls, david_orc_3,
          lightli_bailey_entry_fortress
D:10:     layout_basic, grunt_gozag_breadcrumbs, serial_shops, shop, uniq_urug,
          uniq_psyche, uniq_erolcha, uniq_harold
Temple:   regret_index_temple_generic_petals

Skill      XL: |  1  2  3  4  5  6  7  8  9 10 11 |
---------------+----------------------------------+-----
Earth Magic    | 4 5 6 7 8 9 10 | 10.0
Conjurations   | 1 2 3 4 5 7 9 10 | 10.0
Spellcasting   | 3 4 5 6 7 8 |  8.4
Dodging        | 2 3 |  3.2
Short Blades   | 1 |  1.0
Fighting       | 1 2 4 5 6 |  6.8
Armour         | 2 4 5 6 |  6.3
Long Blades    | 1 2 |  2.4
Shields        | 1 2 |  2.2
Evocations     | 1 |  1.2
Stealth        | |  2.1
Transmutations | |  0.7

Action                   |  1- 3 |  4- 6 |  7- 9 | 10-12 || total
-------------------------+-------+-------+-------+-------++-------
Melee: Short sword       |    13 |    11 |       |       ||    24
       Long sword        |       |       |    53 |   149 ||   202
       Scimitar          |       |       |       |     5 ||     5
 Cast: Sandblast         |    34 |    19 |    24 |    52 ||   129
       Stone Arrow       |     6 |    43 |   130 |   215 ||   394
       Magic Dart        |       |       |       |     6 ||     6
Evoke: Wand              |       |       |     2 |    12 ||    14
  Use: Scroll            |     1 |     8 |     6 |     8 ||    23
       Potion            |       |       |       |     6 ||     6
Armor: Robe              |     7 |    12 |    30 |       ||    49
       Leather armour    |       |       |    20 |       ||    20
       Ring mail         |       |       |     4 |       ||     4
       Acid dragon scale |       |       |       |   155 ||   155
Dodge: Dodged            |     7 |    16 |    72 |   161 ||   256
Block: Other             |       |     4 |    15 |       ||    19
       Buckler           |       |       |    25 |   129 ||   154
       Reflection        |       |       |     2 |     5 ||     7
